 Dungeon Crawl Stone Soup version 0.29-a0-841-g116ddc6ace (webtiles) character file.

Game seed: 1076814094142135647

142 IdlyInterested the Sneak (level 5, -1/40 HPs)
             Began as a Demonspawn Brigand on July 14, 2022.
             Slain by a gnoll
             ... wielding a +0 club
              (5 damage)
             ... on level 3 of the Dungeon.
             The game lasted 00:07:21 (2109 turns).

IdlyInterested the Sneak (Demonspawn Brigand)       Turns: 2109, Time: 00:07:22

Health: -1/40      AC:  8    Str: 11    XL:     5   Next: 3%
Magic:  5/5        EV: 12    Int: 13    God:
Gold:   91         SH:  0    Dex: 22    Spells: 4/4 levels left

rFire   + . .      SeeInvis .   a - +3 dagger
rCold   . . .      Faith    .   (no shield)
rNeg    . . .      Spirit   .   g - +0 ring mail
rPois   .          Reflect  .   (no helmet)
rElec   .          Harm     .   c - +0 cloak
rCorr   .          Rampage  .   (no gloves)
Will    .....                   (no boots)
Stlth   ++........              (no amulet)
HPRegen 0.13/turn               n - +6 ring of dexterity
MPRegen 0.09/turn               m - ring of protection from fire

@: no status effects
A: thin metallic scales 1, powered by death 2
a: no special abilities


You were on level 3 of the Dungeon.
You visited 1 branch of the dungeon, and saw 3 of its levels.

You collected 91 gold pieces.

Inventory:

Hand Weapons
 a - a +3 dagger (weapon)
Missiles
 d - 9 poisoned darts (quivered)
 e - 3 curare-tipped darts
Armour
 b - a +0 robe
 c - a +0 cloak (worn)
 g - a +0 ring mail (worn)
Jewellery
 m - a ring of protection from fire (right hand)
 n - a +6 ring of dexterity (left hand)
Wands
 o - a wand of paralysis (11)
Scrolls
 f - 2 scrolls of magic mapping
 h - 2 scrolls of enchant weapon
 i - a scroll of fear {unknown}
 p - a scroll of enchant armour {unknown}
Potions
 j - a potion of ambrosia
 k - a potion of cancellation
 l - a potion of flight


   Skills:
 + Level 2.9 Fighting
 - Level 1.7 Short Blades
 - Level 2.0 Throwing
 * Level 2.9 Dodging
 + Level 4.2 Stealth
 + Level 1.5 Evocations


You had 4 spell levels left.
You didn't know any spells.
Your spell library contained the following spells:

 Spells                   Type           Power      Damage    Failure   Level
 Freeze                   Ice            0%         1d3       58%         1
 Frozen Ramparts          Ice            0%         1d2       92%         3
 Ignite Poison            Fire/Tmut/Pois 0%         N/A       92%         3
 Mephitic Cloud           Conj/Pois/Air  0%         N/A       92%         3
 Hailstorm                Conj/Ice       0%         3d3       100%        4
 Freezing Cloud           Conj/Ice/Air   0%         6-21      100%        5


Dungeon Overview and Level Annotations

Branches:
Dungeon (3/15)

Altars:

Annotations:
D:3 1 runed translucent door, kkgakdfjhgaksdf's ghost, amateur DgWr


Innate Abilities, Weirdness & Mutations

You are partially covered in thin metallic scales. (AC +2)
You regenerate health from kills.


Message History

The goblin shouts!
The gnoll shouts!
The gnoll hits you with a +0 spear. The gnoll hits you with a +0 flail!
You hit the gnoll.
The gnoll is heavily wounded.
The gnoll hits you with a +0 spear. The gnoll barely misses you.
You closely miss the gnoll.
The gnoll is heavily wounded.
The gnoll hits you but does no damage. The gnoll closely misses you.
You hit the gnoll.
The gnoll is severely wounded.
The gnoll hits you but does no damage. x3
You hit the gnoll. You punch the gnoll.
You kill the gnoll!
The gnoll barely misses you. The gnoll hits you with a +0 club.
You have reached level 5!
Your demonic ancestry asserts itself...
The wave of death grows in power.
You barely miss the gnoll. The gnoll hits you with a +0 flail.
The gnoll hits you but does no damage.
You hit the gnoll.
The gnoll is moderately wounded.
The goblin hits you but does no damage. The gnoll closely misses you.
The gnoll hits you with a +0 club.
You hit the gnoll but do no damage.
The gnoll is moderately wounded.
The gnoll misses you. The goblin closely misses you.
The gnoll barely misses you.
You hit the gnoll.
The gnoll is moderately wounded.
The gnoll hits you with a +0 flail.
* * * LOW HITPOINT WARNING * * *
The goblin barely misses you. The gnoll barely misses you.
You hit the gnoll.
The gnoll is severely wounded.
The gnoll hits you with a +0 flail.
* * * LOW HITPOINT WARNING * * *
The goblin hits you with a +0 dagger.
* * * LOW HITPOINT WARNING * * *
The gnoll hits you with a +0 club.
You die...

##........##
#..[.......#
#........$.# ####
#..........# #..#
#....?.....# ##..#
#..........# ##...#
##$...gg..##
###..#.####.....@g...#
..................[..#
.#........#..).......#
....#+#...#..........#
...##.##.............#
..##...##.........$.##
.##.....##(........##
.#⌠.?♣!.W#....######
.##.....##....#


You could see 2 gnolls and a goblin.

Vanquished Creatures
  Terence (D:2)
  A gnoll (D:3)
  5 adders
  An orc (D:3)
  4 bats
  3 endoplasms
  3 giant cockroaches
  6 hobgoblins
  3 jackals (D:1)
  A quokka (D:3)
  6 ball pythons
  4 frilled lizards
  6 goblins
  11 kobolds
  6 rats
61 creatures vanquished.

Notes
Turn   | Place    | Note
-------+----------+-------------------------------------------
     0 | D:1      | IdlyInterested the Demonspawn Brigand began the quest for
                  | the Orb.
     0 | D:1      | Reached XP level 1. HP: 16/16 MP: 1/1
    29 | D:1      | Reached skill level 1 in Dodging
   197 | D:1      | Gained mutation: You regenerate a little health from kills.
                  | [demonic ancestry]
   197 | D:1      | Reached XP level 2. HP: 19/22 MP: 2/2
   291 | D:1      | Found a faded altar of an unknown god.
   663 | D:1      | Reached XP level 3. HP: 28/28 MP: 3/3
   981 | D:2      | Reached skill level 4 in Stealth
   981 | D:2      | Reached skill level 1 in Evocations
  1189 | D:2      | Gained mutation: You are partially covered in thin metallic
                  | scales. (AC +2) [demonic ancestry]
  1189 | D:2      | Reached XP level 4. HP: 34/34 MP: 4/4
  1255 | D:2      | Noticed Terence
  1274 | D:2      | Killed Terence
  2077 | D:3      | Found a runed translucent door.
  2077 | D:3      | Noticed kkgakdfjhgaksdf's ghost (amateur DgWr)
  2105 | D:3      | Gained mutation: You regenerate health from kills. [demonic
                  | ancestry]
  2105 | D:3      | Reached XP level 5. HP: 25/40 MP: 5/5
  2109 | D:3      | Slain by a gnoll

Illustrated notes

Levels and vault maps discovered:
D:1:      enne_arrival_octagon_isle, layout_rooms,
          shapermc_ecumenical_altar_starsandcircs
D:2:      layout_rooms, uniq_terence
D:3:      layout_rooms, hellmonk_ghost_happy_afterlife, st_stairs_8

Skill      XL: |  1  2  3 |
---------------+----------+-----
Dodging        | 1 2 |  2.9
Throwing       | 2 |  2.0
Stealth        | 4 |  4.2
Evocations     | 1 |  1.5
Fighting       | |  2.9
Short Blades   | |  1.7

Action                   |  1- 3 |  4- 6 || total
-------------------------+-------+-------++-------
Melee: Short sword       |   116 |     2 ||   118
       Dagger            |     8 |    74 ||    82
       Punch             |     1 |     2 ||     3
Throw: Dart              |       |     2 ||     2
  Use: Potion            |     1 |       ||     1
       Scroll            |       |     7 ||     7
 Stab: Sleeping          |     1 |     2 ||     3
Armor: Robe              |    31 |     9 ||    40
       Ring mail         |       |    23 ||    23
Dodge: Dodged            |    87 |    42 ||   129

Table legend: (Time is in decaauts)
 A = Elapsed time spent in this place.
 B = Non-inter-level travel time spent in this place.
 C = Inter-level travel time spent in this place.
 D = Time resting spent in this place.
 E = Time spent auto-exploring this place.
 F = Levels seen in this place.
 G = Mean time per level.
                   A        B        C        D        E       F      G
               +--------+--------+--------+--------+--------+-----+--------+
         Total |   2102 |   1960 |    142 |    677 |    656 |   3 |  700.7 |
       Dungeon |   2102 |   1960 |    142 |    677 |    656 |   3 |  700.7 |
               +--------+--------+--------+--------+--------+-----+--------+

Top non-repeatable levels by time:
     D:1: 1072 daAuts
     D:2: 793 daAuts
     D:3: 235 daAuts
